BSA
AUSTIN RIVER SHARKS @ KANSAS CITY KINGS
03/10/2027
 
TOP OF THE 1ST
Austin River Sharks batting - Pitching for Kansas City Kings : RHP Ron Young
Pitching: RHP Ron Young
Batting: SHB Juan Acevado 0-0: Ball
1-0: Swinging Strike
1-1: Ball
2-1: Ball
3-1: Base on Balls
Batting: RHB Clark Hodge 0-0: Grounds into double play, 6-4-3 (Groundball, 6)
Batting: SHB Juan Castro 0-0: Ball
1-0: Ball
2-0: Called Strike
2-1: Ground out U3 (Groundball, 3)
Top of the 1st over - 0 run(s), 0 hit(s), 0 error(s), 0 left on base; Austin 0 - Kansas City 0
BOTTOM OF THE 1ST
Kansas City Kings batting - Pitching for Austin River Sharks : RHP In-ho Om
Pitching: RHP In-ho Om
Batting: LHB Brian Boone 0-0: Ball
1-0: Ball
2-0: Ground out 2-3 (Groundball, 15S)
Batting: SHB Douglas Taylor 0-0: Ball
1-0: SINGLE (Groundball, 34D)
Batting: RHB Toshimichi Kono 0-0: Swinging Strike
0-1: Ball
1-1: Called Strike
1-2: Foul Ball, location: 2F
1-2: Grounds into double play, 6-4-3 (Groundball, 6D)
Bottom of the 1st over - 0 run(s), 1 hit(s), 0 error(s), 0 left on base; Austin 0 - Kansas City 0
TOP OF THE 2ND
Austin River Sharks batting - Pitching for Kansas City Kings : RHP Ron Young
Batting: LHB Pedro Zaragoza 0-0: Called Strike
0-1: Ball
1-1: Swinging Strike
1-2: Strikes out swinging
Batting: RHB Kenneth Roberts 0-0: Ball
1-0: Swinging Strike
1-1: Swinging Strike
1-2: Strikes out looking
Batting: LHB Terry Maloney 0-0: Ball
1-0: Swinging Strike
1-1: Foul Ball, location: 2F
1-2: Foul Ball, location: 2F
1-2: Strikes out looking
Top of the 2nd over - 0 run(s), 0 hit(s), 0 error(s), 0 left on base; Austin 0 - Kansas City 0
BOTTOM OF THE 2ND
Kansas City Kings batting - Pitching for Austin River Sharks : RHP In-ho Om
Batting: LHB Pablo Reyes 0-0: Called Strike
0-1: Foul Ball, location: 2F
0-2: Fly out, F7 (Flyball, 7LS)
Batting: RHB Chris Chandler 0-0: Ball
1-0: Foul Ball, location: 2F
1-1: Ground out 6-3 (Groundball, 6)
Batting: RHB Dave Parker 0-0: Swinging Strike
0-1: Swinging Strike
0-2: Foul Ball, location: 2F
0-2: Strikes out swinging
Bottom of the 2nd over - 0 run(s), 0 hit(s), 0 error(s), 0 left on base; Austin 0 - Kansas City 0
TOP OF THE 3RD
Austin River Sharks batting - Pitching for Kansas City Kings : RHP Ron Young
Batting: RHB Carlos Guzmán 0-0: Called Strike
0-1: Ball
1-1: Foul Ball, location: 2F
1-2: Foul Ball, location: 2F
1-2: Strikes out looking
Batting: RHB Orlando Bruno 0-0: Ball
1-0: Called Strike
1-1: Ball
2-1: SINGLE (Flyball, 8LS)
Batting: LHB Miguel Pérez 0-0: Ball
1-0: Called Strike
1-1: Ball
Orlando Bruno is caught stealing 2nd base
2-1: Ground out 4-3 (Groundball, 4M)
Top of the 3rd over - 0 run(s), 1 hit(s), 0 error(s), 0 left on base; Austin 0 - Kansas City 0
BOTTOM OF THE 3RD
Kansas City Kings batting - Pitching for Austin River Sharks : RHP In-ho Om
Batting: SHB José Cruz 0-0: Called Strike
0-1: Ball
1-1: Ball
2-1: Bunt for hit - play at first, batter OUT! 1-3
Batting: SHB António De La Cruz 0-0: Called Strike
0-1: Ball
1-1: Fly out, F4 (Popup, 4D)
Batting: RHB Raúl Bruno 0-0: Foul Ball, location: 2F
0-1: Ground out 5-3 (Groundball, 56S)
Bottom of the 3rd over - 0 run(s), 0 hit(s), 0 error(s), 0 left on base; Austin 0 - Kansas City 0
TOP OF THE 4TH
Austin River Sharks batting - Pitching for Kansas City Kings : RHP Ron Young
Batting: SHB Juan Acevado 0-0: Foul Ball, location: 2F
0-1: Ball
1-1: Ball
2-1: Ball
3-1: Foul Ball, location: 2F
3-2: Base on Balls
Batting: RHB Clark Hodge 0-0: Called Strike
0-1: Foul Ball, location: 2F
0-2: Ball
1-2: Foul Ball, location: 2F
1-2: Foul Ball, location: 2F
1-2: TRIPLE (Flyball, 9LM)
Juan Acevado scores
Batting: SHB Juan Castro 0-0: Ball
1-0: Swinging Strike
1-1: Swinging Strike
1-2: Strikes out swinging
Batting: LHB Pedro Zaragoza 0-0: Called Strike
0-1: Called Strike
0-2: SINGLE (Flyball, 89S)
Clark Hodge scores
Batting: RHB Kenneth Roberts 0-0: Ball
1-0: Ball
2-0: Ball
3-0: Base on Balls
Pedro Zaragoza to second
Batting: LHB Terry Maloney 0-0: Foul Ball, location: 2F
0-1: Grounds into double play, 6-4-3 (Groundball, 6)
Top of the 4th over - 2 run(s), 2 hit(s), 0 error(s), 1 left on base; Austin 2 - Kansas City 0
BOTTOM OF THE 4TH
Kansas City Kings batting - Pitching for Austin River Sharks : RHP In-ho Om
Batting: LHB Brian Boone 0-0: Ball
1-0: Ball
2-0: Called Strike
2-1: Foul Ball, location: 2F
2-2: Ball
3-2: Base on Balls
Batting: SHB Douglas Taylor 0-0: Ball
1-0: Called Strike
1-1: Foul Ball, location: 2F
1-2: 2-RUN HOME RUN (Flyball, 78XD), Distance : 419 ft
Batting: RHB Toshimichi Kono 0-0: Ball
1-0: Foul Ball, location: 2F
1-1: Ball
2-1: Ball
3-1: DOUBLE (Flyball, 78XD)
Batting: LHB Pablo Reyes 0-0: Ball
1-0: Called Strike
1-1: Called Strike
1-2: Ball
2-2: SINGLE (Popup, 15)
Toshimichi Kono to third
Batting: RHB Chris Chandler 0-0: Ball
1-0: Called Strike
1-1: Ball
2-1: Ball
3-1: Called Strike
3-2: Foul Ball, location: 2F
3-2: Base on Balls
Pablo Reyes to second
Batting: RHB Dave Parker 0-0: Ball
1-0: Ball
2-0: Called Strike
2-1: Ball
3-1: Foul Ball, location: 2F
3-2: Strikes out swinging
Batting: SHB José Cruz 0-0: Ball
1-0: Ball
2-0: Called Strike
2-1: Ball
3-1: Base on Balls
Toshimichi Kono scores
Pablo Reyes to third
Chris Chandler to second
Batting: SHB António De La Cruz 0-0: Ball
1-0: SINGLE (Groundball, 4D)
Pablo Reyes scores
Chris Chandler to third
José Cruz to second
Runner from 3rd tries for Home, SAFE, no throw
Batting: RHB Raúl Bruno 0-0: Called Strike
0-1: SINGLE (Groundball, 34S) (infield hit)
José Cruz to third
António De La Cruz to second
Batting: LHB Brian Boone 0-0: Ball
1-0: Called Strike
1-1: Ball
2-1: Foul Ball, location: 2F
2-2: Ball
3-2: Fly out, F8 (Flyball, 8LS)
Runner from 3rd tags up, SCORES, no throw
Pitching: LHP Dave Huot
Batting: SHB Douglas Taylor 0-0: Fielders Choice at 2nd, 6-4 (Groundball, 6)
Bottom of the 4th over - 6 run(s), 5 hit(s), 0 error(s), 1 left on base; Austin 2 - Kansas City 6
TOP OF THE 5TH
Austin River Sharks batting - Pitching for Kansas City Kings : RHP Ron Young
Pitching: RHP Ron Martin
Batting: RHB Carlos Guzmán 0-0: Foul Ball, location: 2F
0-1: Foul Ball, location: 2F
0-2: Ball
1-2: Ball
2-2: Ball
3-2: Foul Ball, location: 2F
3-2: Base on Balls
Batting: RHB Orlando Bruno 0-0: SINGLE (Groundball, 6MS) (infield hit)
Carlos Guzmán to second
Batting: LHB Miguel Pérez 0-0: DOUBLE (Line Drive, 8LXD)
Carlos Guzmán scores
Orlando Bruno to third
Batting: SHB Juan Acevado 0-0: Foul Ball, location: 2F
0-1: Called Strike
0-2: Foul Ball, location: 2F
0-2: Ball
1-2: Strikes out swinging
Batting: RHB Clark Hodge 0-0: Ball
1-0: Called Strike
1-1: Ball
2-1: Ball
3-1: Base on Balls
Batting: SHB Juan Castro 0-0: Ball
1-0: Called Strike
1-1: Ball
2-1: Ball
3-1: Base on Balls
Orlando Bruno scores
Miguel Pérez to third
Clark Hodge to second
Batting: LHB Pedro Zaragoza 0-0: Called Strike
0-1: Ball
1-1: Foul Ball, location: 2F
1-2: Foul Ball, location: 2F
1-2: Strikes out swinging
Batting: RHB Kenneth Roberts 0-0: Ball
1-0: Ground out 5-3 (Groundball, 56S)
Top of the 5th over - 2 run(s), 2 hit(s), 0 error(s), 3 left on base; Austin 4 - Kansas City 6
BOTTOM OF THE 5TH
Kansas City Kings batting - Pitching for Austin River Sharks : LHP Dave Huot
Batting: RHB Toshimichi Kono 0-0: Ball
1-0: Ball
2-0: Called Strike
2-1: Foul Ball, location: 2F
2-2: Ground out 1-3 (Groundball, 13)
Batting: LHB Pablo Reyes 0-0: SINGLE (Line Drive, 4MD)
Batting: RHB Chris Chandler 0-0: Ball
1-0: Ball
2-0: Swinging Strike
2-1: Foul Ball, location: 2F
2-2: Ball
3-2: Grounds into double play, 6-4-3 (Groundball, 6)
Bottom of the 5th over - 0 run(s), 1 hit(s), 0 error(s), 0 left on base; Austin 4 - Kansas City 6
TOP OF THE 6TH
Austin River Sharks batting - Pitching for Kansas City Kings : RHP Ron Martin
Pitching: LHP Rob Lucas
Batting: LHB Terry Maloney 0-0: Ball
1-0: Ground out 4-3 (Groundball, 4S)
Batting: RHB Carlos Guzmán 0-0: Called Strike
0-1: Foul Ball, location: 2F
0-2: Strikes out looking
Batting: RHB Orlando Bruno 0-0: Ball
1-0: Foul Ball, location: 2F
1-1: Fly out, F9 (Flyball, 9LS)
Top of the 6th over - 0 run(s), 0 hit(s), 0 error(s), 0 left on base; Austin 4 - Kansas City 6
BOTTOM OF THE 6TH
Kansas City Kings batting - Pitching for Austin River Sharks : LHP Dave Huot
Batting: RHB Dave Parker 0-0: Called Strike
0-1: Ball
1-1: Foul Ball, location: 2F
1-2: Fly out, F8 (Line Drive, 8LXD)
Batting: SHB José Cruz 0-0: Called Strike
0-1: Foul Ball, location: 2F
0-2: Ball
1-2: Ball
2-2: Fly out, F5 (Popup, 56D)
Batting: SHB António De La Cruz 0-0: Ball
1-0: SINGLE (Groundball, 56D)
Batting: RHB Raúl Bruno 0-0: Ball
1-0: Called Strike
1-1: Ball
2-1: Ball
3-1: Base on Balls
António De La Cruz to second
Pinch Hitting: RHB Norm Francis 0-0: Called Strike
0-1: Called Strike
0-2: Ball
1-2: SINGLE (Groundball, 6MD)
António De La Cruz to third
Raúl Bruno to second
Runner from 3rd tries for Home, SAFE, no throw
Pinch Hitting: LHB Ray Spencer 0-0: Foul Ball, location: 2F
0-1: Foul Ball, location: 2F
0-2: Ball
1-2: Ball
2-2: SINGLE (Line Drive, 4MD)
Raúl Bruno to third
Norm Francis to second
Runner from 3rd tries for Home, SAFE, throw made home
Norm Francis to third
Ray Spencer to second
Pitching: LHP António Bueno
Batting: RHB Michael Thomas 0-0: Called Strike
0-1: DOUBLE (Line Drive, 78XD)
Norm Francis scores
Ray Spencer scores
Pinch Hitting: LHB Ron Crawford 0-0: Called Strike
0-1: Called Strike
0-2: Ball
1-2: Strikes out looking
Bottom of the 6th over - 4 run(s), 4 hit(s), 0 error(s), 1 left on base; Austin 4 - Kansas City 10
TOP OF THE 7TH
Austin River Sharks batting - Pitching for Kansas City Kings : LHP Rob Lucas
Now at 1B: Norm Francis
Now in LF: Ray Spencer
Now in RF: Ron Crawford
Batting: LHB Miguel Pérez 0-0: Ball
1-0: Ball
2-0: Ball
3-0: Base on Balls
Pinch Hitting: RHB Dan Wyatt 0-0: Ball
1-0: Grounds into double play, 6-4-3 (Groundball, 6)
Batting: RHB Clark Hodge 0-0: Called Strike
0-1: Ball
1-1: Called Strike
1-2: SINGLE (Groundball, 4MD)
Pinch Hitting: RHB Eric Neal 0-0: Ball
1-0: Ball
2-0: Fly out, F7 (Line Drive, 7)
Top of the 7th over - 0 run(s), 1 hit(s), 0 error(s), 1 left on base; Austin 4 - Kansas City 10
BOTTOM OF THE 7TH
Kansas City Kings batting - Pitching for Austin River Sharks : LHP António Bueno
Now at 1B: Dan Wyatt
Now at 2B: Eric Neal
Pinch Hitting: RHB David Canseco 0-0: Ball
1-0: Called Strike
1-1: Ball
2-1: Foul Ball, location: 2F
2-2: SINGLE (Groundball, 6MD)
Pinch Hitting: RHB Keitaro Suzuki 0-0: Called Strike
0-1: Ball
1-1: Called Strike
1-2: Ball
2-2: Strikes out looking
Pinch Hitting: LHB Vic Robertson 0-0: Swinging Strike
0-1: Grounds into double play, 4-6-3 (Groundball, 34)
Bottom of the 7th over - 0 run(s), 1 hit(s), 0 error(s), 0 left on base; Austin 4 - Kansas City 10
TOP OF THE 8TH
Austin River Sharks batting - Pitching for Kansas City Kings : LHP Rob Lucas
Now at 2B: Keitaro Suzuki
Now at 3B: Eric Fuller
Now in CF: Vic Robertson
Batting: RHB Cristián Peña 0-0: Called Strike
0-1: Ball
1-1: Ground out 6-3 (Groundball, 6)
Now at SS: Dennis Garner
Batting: RHB Kenneth Roberts 0-0: Fly out, F5 (Popup, 5L)
Batting: LHB Terry Maloney 0-0: Ball
1-0: Called Strike
1-1: Foul Ball, location: 2F
1-2: Ball
2-2: Fly out, F8 (Flyball, 8LM)
Top of the 8th over - 0 run(s), 0 hit(s), 0 error(s), 0 left on base; Austin 4 - Kansas City 10
BOTTOM OF THE 8TH
Kansas City Kings batting - Pitching for Austin River Sharks : LHP António Bueno
Batting: SHB António De La Cruz 0-0: Ground out 5-3 (Groundball, 56)
Batting: RHB Dennis Garner 0-0: Ball
1-0: Ball
2-0: Ground out 4-3 (Groundball, 4)
Batting: RHB Norm Francis 0-0: Ball
1-0: Ground out 6-3 (Groundball, 6S)
Bottom of the 8th over - 0 run(s), 0 hit(s), 0 error(s), 0 left on base; Austin 4 - Kansas City 10
TOP OF THE 9TH
Austin River Sharks batting - Pitching for Kansas City Kings : LHP Rob Lucas
Pinch Hitting: RHB Ryan Cates 0-0: Reached on error, E6 (Groundball, 6)
Pinch Hitting: LHB Russell Peck 0-0: Ball
1-0: Called Strike
1-1: Ball
2-1: Ball
3-1: Foul Ball, location: 2F
3-2: Base on Balls
Ryan Cates to second
Pinch Hitting: LHB Freddy Herrera 0-0: Called Strike
0-1: Foul Ball, location: 2F
0-2: Ball
1-2: Strikes out swinging
Batting: RHB Dan Wyatt 0-0: Ball
1-0: Fly out, F4 (Popup, 34D)
Batting: RHB Clark Hodge 0-0: Called Strike
0-1: Swinging Strike
0-2: Strikes out looking
Top of the 9th over - 0 run(s), 0 hit(s), 1 error(s), 2 left on base; Austin 4 - Kansas City 10
Thursday, March 30th, 2017 - OOTP Baseball 17.12 Build 75